 Dungeon Crawl Stone Soup version 0.31-a0-202-g547052bce9 (webtiles) character file.

Game seed: 3570984840211229725

1915148 Drazool the Intangible (level 27, 172/172 HPs)
             Began as a Tengu Hunter on June 22, 2023.
             Was a High Priest of Hepliaklqana.
             Escaped with the Orb
             ... and 3 runes on June 26, 2023!
             The game lasted 03:50:45 (51989 turns).

Drazool the Intangible (Tengu Hunter)              Turns: 51989, Time: 03:50:46

Health: 172/172    AC: 11    Str: 13    XL:     27
Magic:  42/42      EV: 60    Int: 11    God:    Hepliaklqana [*****.]
Gold:   3819       SH: 11    Dex: 38    Spells: 24/26 levels left

rFire   + . .        a - +6 hand crossbow (freeze)
rCold   + . .        n - +0 buckler {reflect}
rNeg    + . .        N - +0 troll leather armour
rPois   +            p - -2 hat of the Alchemist {rElec rPois rF+ rC+ rN+ Will+ rMut rCorr}
rElec   +            h - +2 cloak
rCorr   +            J - +2 pair of gloves
SInv    +            (boots unavailable)
Will    ++++.        T - amulet "Peity" {Acrobat rCorr MP+9 Dex+3 Stlth-}
Stlth   +            z - ring of Lietwile {Will+ Dex+6}
HPRegen 1.28/turn    v - ring of see invisible
MPRegen 0.28/turn

%: reflection, acrobat, resist mutation
@: flying quickly and evasively, studying 2 skills, quick
A: reduced essence, beak, talons 3, nimble flight
0: Orb of Zot
}: 3/15 runes: serpentine, barnacled, silver
a: Renounce Religion, Recall Ancestor, Ancestor Identity, Transference, Idealise


You escaped.
You worshipped Hepliaklqana.
Hepliaklqana was extremely pleased with you.
You visited 10 branches of the dungeon, and saw 48 of its levels.
You visited 1 bazaar.
You also visited: Ice Cave.

You collected 7118 gold pieces.
You spent 3299 gold pieces at shops.


Innate Abilities, Weirdness & Mutations

Your life essence is reduced to manifest your ancestor. (-10% HP)
You have a beak for a mouth.
You have claws for feet.
Your magical nature lets you fly swiftly and evasively.


   Skills:
 - Level 24.5 Fighting
 - Level 18.3 Ranged Weapons
 - Level 11.3 Armour
 O Level 27 Dodging
 - Level 1.0 Stealth
 - Level 13.0 Shields
 + Level 7.1 Translocations
 - Level 12.5 Invocations
 - Level 21.1 Evocations


You had 24 spell levels left.
You knew the following spells:

 Your Spells              Type           Power      Damage    Failure   Level
B - Blink                 Tloc           30%        N/A       4%          2

Your spell library contained the following spells:

 Spells                   Type           Power      Damage    Failure   Level
 Lesser Beckoning         Tloc           30%        N/A       4%          2
 Gell's Gravitas          Tloc           15%        N/A       8%          3
 Teleport Other           Tloc           15%        N/A       8%          3
 Momentum Strike          Conj/Tloc      14%        3d8       17%         2
 Manifold Assault         Tloc           15%        N/A       26%         4
 Passage of Golubria      Tloc           15%        N/A       26%         4
 Portal Projectile        Hex/Tloc       14%        N/A       34%         3
 Vhi's Electric Charge    Tloc/Air       14%        N/A       34%         3
 Volatile Blastmotes      Fire/Tloc      14%        2d11      34%         3
 Beastly Appendage        Tmut           0%         N/A       45%         1
 Freeze                   Ice            0%         1d3       45%         1
 Kiss of Death            Conj/Necr      0%         2d5       45%         1
 Magic Dart               Conj           0%         1d3       45%         1
 Sandblast                Erth           0%         2d4       45%         1
 Slow                     Hex            0%         N/A       45%         1
 Cigotuvi's Dreadful Rot  Necr/Pois/Air  0%         N/A       58%         2
 Ensorcelled Hibernation  Hex/Ice        0%         N/A       58%         2
 Passwall                 Tmut/Erth      0%         N/A       58%         2
 Poisonous Vapours        Pois/Air       0%         N/A       58%         2
 Scorch                   Fire           0%         2d5       58%         2
 Searing Ray              Conj           0%         2d4       58%         2
 Wereblood                Tmut           0%         N/A       58%         2
 Iskenderun's Mystic Bla  Conj/Tloc      7%         2d4       75%         4
 Call Canine Familiar     Summ           0%         N/A       83%         3
 Confusing Touch          Hex            0%         N/A       83%         3
 Frozen Ramparts          Ice            0%         1d1       83%         3
 Hailstorm                Conj/Ice       0%         3d3       83%         3
 Ignite Poison            Fire/Tmut/Pois 0%         N/A       83%         3
 Ozocubu's Armour         Ice            0%         N/A       83%         3
 Spider Form              Tmut/Pois      0%         N/A       83%         3
 Stone Arrow              Conj/Erth      0%         3d7       83%         3
 Swiftness                Air            0%         N/A       83%         3
 Vampiric Draining        Necr           0%         2d6       83%         3
 Summon Forest            Summ/Tloc      3%         N/A       97%         5
 Anguish                  Hex/Necr       0%         N/A       99%         4
 Animate Dead             Necr           0%         N/A       99%         4
 Cause Fear               Hex            0%         N/A       99%         4
 Dispel Undead            Necr           0%         3d6       99%         4
 Flame Wave               Conj/Fire      0%         2d4       99%         4
 Fulminant Prism          Conj/Hex       0%         3d5       99%         4
 Ice Form                 Ice/Tmut       0%         N/A       99%         4
 Leda's Liquefaction      Hex/Erth       0%         N/A       99%         4
 Petrify                  Tmut/Erth      0%         N/A       99%         4
 Sticky Flame             Conj/Fire      0%         2d3       99%         4
 Summon Ice Beast         Ice/Summ       0%         N/A       99%         4
 Dispersal                Tloc           7%         N/A       99%         6
 Agony                    Necr           0%         N/A       100%        5
 Arcjolt                  Conj/Air       0%         1d10      100%        5
 Borgnjor's Vile Clutch   Necr/Erth      0%         N/A       100%        5
 Fireball                 Conj/Fire      0%         3d3       100%        5
 Freezing Cloud           Conj/Ice/Air   0%         6-21      100%        5
 Iskenderun's Battlesphe  Conj           0%         2d6       100%        5
 Lee's Rapid Deconstruct  Erth           0%         3d4*      100%        5
 Metabolic Englaciation   Hex/Ice        0%         N/A       100%        5
 Silence                  Hex/Air        0%         N/A       100%        5
 Conjure Ball Lightning   Conj/Air       0%         3x3d6     100%        6
 Death Channel            Necr           0%         N/A       100%        6
 Eringya's Noxious Bog    Tmut/Pois      0%         N/A       100%        6
 Plasma Beam              Fire/Air       0%         2x1d10    100%        6
 Simulacrum               Ice/Necr       0%         N/A       100%        6
 Statue Form              Tmut/Erth      0%         N/A       100%        6
 Summon Cactus Giant      Summ           0%         N/A       100%        6
 Enfeeble                 Hex            0%         N/A       100%        7
 Haunt                    Necr/Summ      0%         N/A       100%        7
 Malign Gateway           Summ/Tloc      3%         N/A       100%        7
 Orb of Destruction       Conj           0%         9d5       100%        7
 Ozocubu's Refrigeration  Ice            0%         4d7       100%        7
 Storm Form               Tmut/Air       0%         N/A       100%        7
 Borgnjor's Revivificati  Necr           0%         N/A       100%        8
 Ignition                 Fire           0%         3d3       100%        8
 Infestation              Necr           0%         N/A       100%        8
 Lehudib's Crystal Spear  Conj/Erth      0%         10d2      100%        8
 Maxwell's Capacitive Co  Air            0%         ∞         100%        8
 Necromutation            Tmut/Necr      0%         N/A       100%        8
 Summon Horrible Things   Summ           0%         N/A       100%        8
 Death's Door             Necr           0%         N/A       100%        9
 Polar Vortex             Ice            0%         N/A       100%        9

Inventory:

Hand Weapons
 a - a +6 hand crossbow of freezing (weapon)
 b - a +4 longbow of freezing
Missiles
 P - 15 silver javelins
 Q - 4 throwing nets {=f}
Armour
 h - a +2 cloak (worn)
 n - a +0 buckler of reflection (worn)
 p - the -2 hat of the Alchemist (worn) {rElec rPois rF+ rC+ rN+ Will+ rMut rCorr}
   (You found it on level 4 of the Lair of Beasts)

   rF:        It protects you from fire.
   rC:        It protects you from cold.
   rElec:     It insulates you from electricity.
   rPois:     It protects you from poison.
   rN:        It protects you from negative energy.
   rCorr:     It protects you from acid and corrosion.
   rMut:      It protects you from mutation.
   Will:      It increases your willpower.
 J - a +2 pair of gloves (worn)
 N - a +0 troll leather armour (worn)
 W - the +0 pair of gloves of Noon {rC+}
   (You found it on level 3 of the Elven Halls)

   rC:        It protects you from cold.
Jewellery
 v - a ring of see invisible (right hand)
 z - the ring of Lietwile (left hand) {Will+ Dex+6}
   (You found it on level 6 of the Dungeon)

   [ring of dexterity]

   Dex:       It affects your dexterity (+6).
   Will:      It increases your willpower.
 F - the ring of Pexzomun {Fire rElec rCorr Slay+2}
   (You found it on level 3 of the Elven Halls)

   [ring of fire]

   It enhances your fire magic.
   Slay:      It affects your accuracy & damage with ranged weapons and melee
   (+2).
   rF:        It protects you from fire.
   rC:        It makes you vulnerable to cold.
   rElec:     It insulates you from electricity.
   rCorr:     It protects you from acid and corrosion.
 L - the ring of the Hare {EV+10}
   (You took it off a merfolk aquamancer on level 4 of the Shoals)

   [ring of evasion]

   EV:        It affects your evasion (+10).
 T - the amulet "Peity" (around neck) {Acrobat rCorr MP+9 Dex+3 Stlth-}
   (You found it on level 3 of the Elven Halls)

   [amulet of the acrobat]

   It increases your evasion while moving and waiting.
   Dex:       It affects your dexterity (+3).
   MP:        It affects your magic capacity (+9).
   rCorr:     It protects you from acid and corrosion.
   Stlth:     It makes you less stealthy.
Wands
 g - a wand of acid (14)
 t - a wand of roots (26)
 w - a wand of digging (10)
 x - a wand of flame (90)
 y - a wand of mindburst (41)
 B - a wand of polymorph (43)
 K - a wand of charming (42)
Scrolls
 c - 3 scrolls of silence {!r}
 i - 17 scrolls of teleportation {@r2}
 j - 6 scrolls of fog
 k - 6 scrolls of amnesia
 s - 6 scrolls of poison
 A - 8 scrolls of vulnerability
 C - 5 scrolls of fear
 S - 4 scrolls of immolation
 Y - 8 scrolls of enchant armour
 Z - 2 scrolls of revelation
Potions
 d - 4 potions of enlightenment
 e - 4 potions of ambrosia
 f - 2 potions of haste {@q3}
 l - 13 potions of lignification
 m - 11 potions of brilliance
 q - 12 potions of mutation
 r - 24 potions of curing {@q1}
 u - 4 potions of resistance
 D - 13 potions of berserk rage {!q}
 E - 5 potions of heal wounds {@q2}
 G - 8 potions of might
 H - 2 potions of magic
 M - a potion of cancellation
 O - 7 potions of attraction
 X - 3 potions of invisibility
Miscellaneous
 o - a phial of floods
 R - a phantom mirror
 V - a sack of spiders

Dungeon Overview and Level Annotations

Branches:
Dungeon (15/15)            Temple (1/1) D:6            Lair (5/5) D:10
 Shoals (4/4) Lair:3        Snake (4/4) Lair:3        Slime (0/5) Lair:4
    Orc (2/2) D:10            Elf (3/3) Orc:2        Vaults (5/5) D:14
  Crypt (0/3) Vaults:2     Depths (4/4) D:15            Zot (5/5) Depths:4
  IceCv (visited)

Altars:
Ashenzari
Cheibriados
Dithmenos
Elyvilon
Fedhas
Gozag
Hepliaklqana
Kikubaaqudgha
Makhleb
Nemelex Xobeh
Okawaru
Qazlal
Ru
Sif Muna
Trog
Uskayaw
Vehumet
Wu Jian
Xom
Yredelemnul
Zin
The Shining One
Jiyva
Lugonu

Shops:
D:2 [   D:7 *   D:9 ((   D:10 *   D:11 [   Orc:2 :??(   Elf:3 [(   Shoals:1 (
Snake:1 :==   Vaults:1 (   Vaults:2 =   Vaults:3 =[   Vaults:5 (   Depths:1 ?
Depths:2 *

Portals:
Hell: Depths:1 Depths:2 Depths:3 Depths:4
Abyss: Zot:4 Depths:3 Depths:4
Pandemonium: Depths:2 Depths:3
Ziggurat: Depths:4
Trove: D:14 (show slimy rune of Zot)

Annotations:
D:3 1 runed translucent door, frimble's ghost, amateur OpWr
Lair:5 2 runed translucent doors
Snake:3 2 transporters, exclusion: obsidian statue
Snake:4 Roxanne
Elf:1 6 runed translucent doors
Elf:2 2 runed translucent doors
Depths:4 exclusions: 2 daevas, 3 draconian stormcallers and 3 more exclusions

#....)..........#.#.#.###.#
##########.####'#.#.#.#.# #.#
....# ##.###.#...#.#.# #.# ###.#
##.##.#####.#.###.# ###'###
##.#...........#.# ......#
##..#####.#.#.#.# ......#
##.#####.#.#.#.# ......#
##..R..##.#.#.#.# ......#
#...@...#.#...#.# ## ###'###
##.(.(.##.#####.####≈ #.#
###'###...........#≈ #.#
###.((((#######.###.'~
###'########...((.(..##........#≈
..........'...(.8((((.'.#..#####≈
..........##..((...(.##....# ##
).........####(((((####.##.#
..........# #########......#


You could see the friendly Marge Gunderson the knight (reflecting).


Message History

There is a stone staircase leading down here.
Magic restored.
There is a stone staircase leading up here.
You fly upwards.
There is a stone staircase leading down here.
There is a stone staircase leading up here.
You fly upwards.
Level annotation: 1 runed translucent door, frimble's ghost, amateur OpWr
There is a stone staircase leading down here.
There is a stone staircase leading up here.
You fly upwards.
There is a stone staircase leading down here.
A demonic crawler comes into view.
There is a stone staircase leading up here.
You fly upwards.
There is a stone staircase leading down here.
Use which ability? (? or * to list)
There is an open door here.
Aiming: Dig
Press: ? - help, Shift-Dir - straight line A rock wall.
This square is covered in magical glow.
The rock shatters into small pieces.
Aiming: Dig
Press: ? - help, Shift-Dir - straight line A rock wall.
This square is covered in magical glow.
The rock shatters into small pieces.
There is a staircase leading out of the dungeon here.
You have escaped!

Skill      XL: |  1  2  3  4  5  6  7  8  9 10 11 12 13 14 15 16 17 18 19 20 21 22 23 24 25 26 27 |
---------------+----------------------------------------------------------------------------------+-----
Ranged Weapons | 5 6 7 8 9 10 12 15 17 18 | 18.3
Dodging        | 3 4 5 7 8 10 12 14 16 18 19 21 22 23 25 26 27 | 27.0
Shields        | 3 7 9 11 12 13 | 13.0
Fighting       | 6 7 10 13 14 16 17 18 20 21 23 24 | 24.5
Evocations     | 4 5 9 10 11 14 16 17 18 21 | 21.1
Invocations    | 4 7 10 12 | 12.5
Armour         | 7 11 | 11.3
Translocations | 6 7 |  7.1
Stealth        | |  1.0

Action                     |  1- 3 |  4- 6 |  7- 9 | 10-12 | 13-15 | 16-18 | 19-21 | 22-24 | 25-27 || total
---------------------------+-------+-------+-------+-------+-------+-------+-------+-------+-------++-------
   Fire: Shortbow          |    73 |     8 |       |       |       |       |       |       |       ||    81
         Hand crossbow     |       |    38 |    84 |   386 |   593 |  1157 |  1278 |  1351 |   794 ||  5681
         Longbow           |       |    66 |    89 |       |       |       |       |       |       ||   155
         Sling             |       |     2 |       |       |       |       |       |       |       ||     2
   Cast: Blink             |       |       |       |       |       |       |       |       |    11 ||    11
 Invoke: Ancestor Identity |       |       |     1 |       |       |       |       |       |       ||     1
         Recall Ancestor   |       |       |       |     1 |     8 |     7 |     5 |    18 |    11 ||    50
         Ancestor Life: Kn |       |       |       |     1 |       |       |       |       |       ||     1
         Idealise          |       |       |       |       |     1 |     8 |     8 |    18 |     7 ||    42
  Evoke: Wand              |       |       |       |     6 |       |     7 |    15 |     8 |     6 ||    42
         Phantom mirror    |       |       |       |       |       |       |       |     2 |     1 ||     3
    Use: Scroll            |       |     8 |     5 |     9 |     6 |    13 |     4 |    16 |    10 ||    71
         Potion            |       |       |     3 |     1 |     1 |     3 |       |     6 |     7 ||    21
 Armour: Leather armour    |     2 |     8 |       |       |       |       |       |       |       ||    10
         Skin              |       |       |     6 |       |       |       |       |       |       ||     6
         Robe              |       |       |     1 |       |       |       |       |       |       ||     1
         Troll leather arm |       |       |       |     4 |     1 |     6 |    13 |    28 |     3 ||    55
  Dodge: Dodged            |    14 |    27 |    33 |    79 |   133 |   376 |   312 |   535 |   235 ||  1744
  Block: Buckler           |       |       |       |       |    46 |   164 |   115 |   189 |    43 ||   557
         Reflection        |       |       |       |       |       |       |       |    11 |     4 ||    15

Levels and vault maps discovered:
D:1:      minmay_arrival_shattered_statue, layout_basic,
          ebering_dispersal_statue_hall, chequers_serial_rivers_room_b,
          minmay_unequal
D:2:      layout_rooms, serial_corexii_hall, chequers_hall_statues_wall_a,
          corexii_hall_statues_l, corexii_hall_statues_u,
          corexii_hall_statues_i, serial_shops, shop, chequers_avenue
D:3:      layout_loops_cross, ebering_ghost_reflecting_pool
D:4:      nicolae_BIG_FREAKIN_CUBE, layout_rooms,
          nicolae_qazlal_beasts_of_the_sky
D:5:      layout_loops_ring, overflow_temple_1_default, corner_web_ring,
          kennysheep_nub, uniq_eustachio
D:6:      layout_layer_cave, minmay_temple_entry_mini_moons,
          lemuel_flamethrower_2
D:7:      layout_loops_ring, makhleb_blood_cavern_becter,
          mainiacjoe_overflow_tiny_flanked, nicolae_shop_gadgets
D:8:      layout_layer_cave, marbit_many_paths
D:9:      layout_cave_pods, chequers_serial_rivers_micro_e, chequers_big_river,
          nicolae_wooded_promenade, hex_tiny, nicolae_water_bricks
D:10:     kennysheep_blocky_hall, layout_cave_pools, lair_entry_dummy,
          orc_0_dummy, nicolae_alphabet_shops, uniq_maurice
D:11:     layout_rooms, serial_shops, kennysheep_little_box
D:12:     layout_long_grid, uniq_jorgrun, uniq_azrael
D:13:     minmay_glassy_protrusions, layout_cave_pools
D:14:     layout_gridville, hangedman_vaults_entry_quadrant_bands,
          nicolae_ru_path_of_blood, enter_trove_1
D:15:     grunt_enter_depths_magical_seal, layout_irregular_city
Temple:   bh_familiar_temple
Lair:1:   layout_roguey, portal_ice_cave_entry_ice_simulacra,
          serial_bayou_shore_b, infiniplex_staircase_pool
Lair:2:   layout_misc_corridors
Lair:3:   layout_layer_cave, shoals_dummy_entry,
          minmay_snake_entry_guardpost_medium
Lair:4:   layout_loops_ring, nicolae_slime_entry_field_trip,
          serial_bayou_shore_b
Lair:5:   cheibrodos_lair_end_hotspot, layout_long_grid,
          nicolae_quartered_pool_super
Shoals:1: layout_shoals, serial_shops, shop, regret_index_shoals_crete
Shoals:2: layout_shoals
Shoals:3: layout_shoals
Shoals:4: shoals_end_hellmonk_storm_palace [storm_palace_center_square,
          storm_palace_corner_narrow, storm_palace_corner_blocked,
          storm_palace_corner_pillars, storm_palace_corner_pillars]
Snake:1:  layout_onion, grunt_ministairs_11, minmay_shop_grove, uniq_louise
Snake:2:  layout_rooms, uniq_kirke, uniq_vashnia
Snake:3:  gammafunk_sealed_arena, layout_rooms, basic_altar,
          hangedman_snake_pattern
Snake:4:  hellmonk_snake_rune_quicksilver_temple, layout_cave_town,
          serial_bayou_lake_a, serial_bayou_shore_b, serial_bayou_shore_b,
          serial_bayou_shore_a, uniq_aizul, uniq_asterion, uniq_roxanne,
          uniq_agnes
Orc:1:    layout_diamond_mine, david_defended_altar_orc, uniq_erica
Orc:2:    grunt_orc_tribal_feast, layout_caves, serial_shops, bzr_entry_gold
Elf:1:    eino_elf_arrival_sip, layout_loops_ring, orc_legates
Elf:2:    nicolae_elf_blades_splatter_lattice
          [nicolae_blade_entry_splitting_headache], layout_loops_cross,
          ebering_ghost_gozag
Elf:3:    elf_hall, layout_gridlike, serial_shops, shop, shop,
          lemuel_flamethrower_1
Vaults:1: nicolae_vaults_arrows, nicolae_vaults_network_barrier,
          ontoclasm_vaults_hangar, nicolae_vaults_little_squares_2, v_misc_1,
          nicolae_vaults_house_2, hangedman_vaults_snaps,
          nicolae_vaults_surprise_closet_hard, grunt_vaults_diagonal,
          nicolae_vaults_tetromino_Z_1, layout_vaults_omnicross, serial_shops,
          nicolae_shop_mannequins
Vaults:2: minmay_crypt_entry_simple_statues, grunt_vaults_hallway_short,
          v_misc_30, hangedman_vaults_nails, nicolae_vaults_house_3,
          nicolae_vaults_wine_cellar, v_rooms_1, hangedman_vaults_pinch,
          ontoclasm_vaults_spin, nicolae_vaults_know_your_exits,
          vaults_room_door_ring, layout_vaults_chaotic_city, serial_shops,
          nicolae_shop_tiny_glass, uniq_nikola
Vaults:3: st_octagons_1, v_pattern_1, nicolae_vaults_offset_grid_hallway_1,
          nicolae_vaults_ring_of_whatevers, dpeg_vaults_monster_row,
          nicolae_vaults_double_plus_1, v_misc_15,
          nicolae_vaults_stairing_the_circle, nicolae_vaults_cochlea,
          vaults_room_pools, v_misc_32, nicolae_vaults_storage_closets_3,
          vaults_mumra_hex, layout_vaults_omnibox, serial_shops,
          nicolae_square_shop, nicolae_shop_tiny_waterfront, uniq_frederick
Vaults:4: nicolae_vaults_frosty_reception, ontoclasm_vaults_misaligned,
          v_misc_18, nicolae_vaults_house_2, nicolae_vaults_weapon_check,
          nicolae_vaults_storage_room_glass, ontoclasm_vaults_pinch,
          nicolae_vaults_trapezoid_lopsided_1, nicolae_vaults_yaktaur_gun_rack,
          nicolae_vaults_network_star, nicolae_vaults_tetromino_L_2,
          hangedman_vaults_slice, nicolae_vaults_little_squares_6,
          special_room_vaults [special_room_orc], layout_vaults_ring
Vaults:5
Depths:1: layout_gridlike, serial_shops, shop, grunt_mini_vestibule,
          cheibrodos_ashenzari_chains, grunt_megastairs_3
Depths:2: minmay_octagon_keep, layout_cave_pools, serial_shops, shop,
          hangedman_geh_valley, grunt_pan_entry_zigzag,
          nicolae_tso_swordbearing_angel
Depths:3: minmay_concentric_multi, layout_cave_shapes,
          abyss_entry_small_statue_room, rand_demon_pan_entry_9,
          cheibriados_altar_1, hell_entry, infiniplex_staircase_pillars_3a,
          uniq_mennas
Depths:4: evilmike_zot_entry_argh, layout_basic, enter_ziggurat_c,
          minmay_room_of_horrors, hell_entry, eino_tiny_chamber,
          uniq_enchantress
Zot:1:    evilmike_crystal_ball_defense, layout_basic
Zot:2:    layout_onion_interference
Zot:3:    layout_basic
Zot:4:    layout_onion_interference, amcnicky_altar_lugonu_corruption
Zot:5:    layout_cathedral_of_symmetry, grunt_ministairs_14

Notes
Turn   | Place    | Note
-------+----------+-------------------------------------------
     0 | D:1      | Drazool the Tengu Hunter began the quest for the Orb.
     0 | D:1      | Reached XP level 1. HP: 12/12 MP: 2/2
   175 | D:1      | Reached XP level 2. HP: 17/17 MP: 3/3
   213 | D:1      | Reached skill level 5 in Ranged Weapons
   576 | D:1      | Reached XP level 3. HP: 21/21 MP: 4/4
   858 | D:2      | Reached XP level 4. HP: 26/26 MP: 5/5
   919 | D:2      | Identified 2 scrolls of acquirement
   919 | D:2      | Acquired a manual of Evocations
   921 | D:2      | Acquired a +0 hand crossbow of freezing
  1039 | D:2      | Reached skill level 3 in Dodging
  1125 | D:2      | Found Qaocs's Antique Armour Shoppe.
  1406 | D:3      | Reached skill level 6 in Ranged Weapons
  1538 | D:3      | Found a runed translucent door.
  1581 | D:3      | Noticed frimble's ghost (amateur OpWr)
  1824 | D:3      | Gained mutation: Your magical nature lets you fly swiftly
                  | and evasively. [Tengu growth]
  1824 | D:3      | Reached XP level 5. HP: 29/30 MP: 6/6
  2026 | D:4      | You are sucked into a shaft and drop 1 floor!
  2026 | D:5      | Entered Level 5 of the Dungeon
  2034 | D:5      | Noticed an ogre
  2035 | D:5      | Noticed a water moccasin
  2039 | D:5      | Found a shadowy altar of Dithmenos.
  2039 | D:5      | Noticed Eustachio
  2190 | D:4      | Found a stormy altar of Qazlal.
  2190 | D:4      | Noticed a sky beast
  2215 | D:4      | Reached skill level 7 in Ranged Weapons
  2215 | D:4      | Reached XP level 6. HP: 34/35 MP: 7/7
  2239 | D:4      | Reached skill level 4 in Dodging
  2504 | D:4      | Killed a sky beast
  2556 | D:5      | Noticed a water moccasin
  2563 | D:5      | Killed a water moccasin
  2564 | D:5      | Reached skill level 8 in Ranged Weapons
  2564 | D:5      | Reached XP level 7. HP: 40/40 MP: 8/8
  2573 | D:5      | Reached skill level 5 in Dodging
  2580 | D:5      | HP: 5/60 [water moccasin (3)]
  2699 | D:5      | Identified the +0 robe of Resourcefulness {Regen+}
  2744 | D:5      | Reached skill level 9 in Ranged Weapons
  2833 | D:5      | Reached XP level 8. HP: 44/44 MP: 9/9
  2869 | D:5      | Killed Eustachio
  2870 | D:5      | Reached skill level 6 in Dodging
  3265 | D:5      | Reached skill level 10 in Ranged Weapons
  3505 | D:6      | Found a staircase to the Ecumenical Temple.
  3518 | Temple   | Entered the Ecumenical Temple
  3680 | Temple   | Became a worshipper of Hepliaklqana the Forgotten
  3719 | D:6      | Reached skill level 7 in Dodging
  3742 | D:6      | Reached XP level 9. HP: 48/48 MP: 10/10
  3805 | D:6      | Reached skill level 11 in Ranged Weapons
  4118 | D:6      | Identified the ring of Lietwile {Will+ Dex+6}
  4205 | D:6      | Reached * piety under Hepliaklqana
  4480 | D:7      | Reached skill level 8 in Dodging
  4498 | D:7      | Reached skill level 12 in Ranged Weapons
  4597 | D:7      | Found Zedemetana's Gadget Gallery.
  4605 | D:7      | Bought a wand of mindburst (2) for 39 gold pieces
  4932 | D:7      | Found a glowing silver altar of Zin.
  4952 | D:7      | Found a burning altar of Makhleb.
  5262 | D:8      | Reached XP level 10. HP: 47/47 MP: 11/11
  5271 | D:8      | Reached skill level 13 in Ranged Weapons
  5276 | D:8      | Reached skill level 9 in Dodging
  5300 | D:8      | Reached ** piety under Hepliaklqana
  5301 | D:8      | Remembered your ancestor Marge Gunderson as a knight
  5789 | D:8      | Found a shimmering blue altar of Sif Muna.
  6299 | D:9      | Found Hilasuh's Weapon Shop.
  6310 | D:9      | Found Avonaext's Weapon Emporium.
  6595 | D:9      | Reached skill level 14 in Ranged Weapons
  7077 | D:10     | Entered Level 10 of the Dungeon
  7077 | D:10     | Noticed a kobold demonologist
  7146 | D:10     | Noticed a gargoyle
  7146 | D:10     | Found Eudye's Eclectic Emporium.
  7162 | D:9      | Killed a gargoyle
  7163 | D:9      | Reached skill level 10 in Dodging
  7195 | D:10     | Killed a kobold demonologist
  7220 | D:10     | Bought a scroll of enchant weapon for 120 gold pieces
  7229 | D:10     | Reached *** piety under Hepliaklqana
  7290 | D:10     | Noticed Maurice
  7297 | D:10     | Killed Maurice
  7334 | D:10     | Found a staircase to the Lair.
  7378 | D:10     | Found a staircase to the Orcish Mines.
  7450 | D:10     | Reached skill level 15 in Ranged Weapons
  7450 | D:10     | Reached XP level 11. HP: 49/51 MP: 12/12
  7503 | D:10     | Reached skill level 11 in Dodging
  7785 | Lair:1   | Entered Level 1 of the Lair of Beasts
  7807 | Lair:1   | Reached skill level 16 in Ranged Weapons
  7820 | Lair:1   | Found a frozen archway.
  7836 | IceCv    | Entered an ice cave
  7894 | IceCv    | Noticed a death yak
  7908 | IceCv    | Killed a death yak
  7985 | IceCv    | Noticed a death yak
  7985 | IceCv    | Noticed a death yak
  8052 | IceCv    | Reached skill level 12 in Dodging
  8120 | IceCv    | Reached skill level 17 in Ranged Weapons
  8130 | IceCv    | Reached XP level 12. HP: 55/55 MP: 13/13
  8155 | IceCv    | Noticed a death yak
  8162 | IceCv    | Killed a death yak
  8164 | IceCv    | Noticed a death yak
  8269 | IceCv    | Killed a death yak
  8272 | IceCv    | Killed a death yak
  8323 | IceCv    | Noticed a frost giant
  8323 | IceCv    | Noticed a death yak
  8346 | IceCv    | Killed a frost giant
  8424 | IceCv    | Killed a death yak
  8425 | IceCv    | Reached skill level 18 in Ranged Weapons
  8470 | IceCv    | Noticed a death yak
  8493 | IceCv    | Killed a death yak
  8494 | IceCv    | Reached skill level 13 in Dodging
  8506 | IceCv    | Killed a death yak
  8674 | Lair:1   | Reached **** piety under Hepliaklqana
  8947 | Lair:1   | Reached skill level 1 in Shields
  9041 | Lair:1   | Reached skill level 2 in Shields
  9308 | Lair:2   | Reached skill level 14 in Dodging
  9308 | Lair:2   | Reached skill level 3 in Shields
  9328 | Lair:2   | Reached XP level 13. HP: 59/59 MP: 14/14
  9434 | Lair:2   | Reached skill level 4 in Shields
  9917 | Lair:3   | Reached skill level 15 in Dodging
  9961 | Lair:3   | Reached skill level 5 in Shields
 10068 | Lair:3   | Identified 2 potions of resistance
 10100 | Lair:3   | Reached ***** piety under Hepliaklqana
 10485 | Lair:3   | Found a staircase to the Shoals.
 10746 | Lair:3   | Found a staircase to the Snake Pit.
 10775 | Lair:3   | Reached skill level 6 in Shields
 11096 | Lair:4   | Reached skill level 16 in Dodging
 11317 | Lair:4   | Found a viscous altar of Jiyva.
 11387 | Lair:4   | Found a staircase to the Slime Pits.
 11453 | Lair:4   | Found the -2 hat of the Alchemist {rElec rPois rF+ rC+ rN+
                  | Will+ rMut rCorr}
 11526 | Lair:4   | Reached skill level 7 in Shields
 11834 | Lair:5   | Entered Level 5 of the Lair of Beasts
 11916 | Lair:5   | Reached XP level 14. HP: 64/64 MP: 15/15
 12017 | Lair:5   | Reached skill level 17 in Dodging
 12228 | Lair:5   | Reached skill level 8 in Shields
 12434 | Lair:5   | Found a large runed translucent door.
 12434 | Lair:5   | Found a large runed translucent door.
 12518 | Lair:5   | Reached skill level 18 in Dodging
 12730 | Lair:5   | Reached skill level 9 in Shields
 13173 | Lair:5   | Reached skill level 3 in Fighting
 13540 | D:10     | Bought a potion of experience for 800 gold pieces
 13540 | D:10     | Reached skill level 6 in Fighting
 13540 | D:10     | Reached skill level 4 in Evocations
 13540 | D:10     | Reached XP level 15. HP: 75/75 MP: 16/16
 13583 | Orc:1    | Entered Level 1 of the Orcish Mines
 13583 | Orc:1    | Noticed Erica
 13585 | Orc:1    | Killed Erica
 13648 | Orc:1    | You are sucked into a shaft and drop 1 floor!
 13648 | Orc:2    | Entered Level 2 of the Orcish Mines
 13772 | Orc:2    | Found a flickering gateway to a bazaar.
 13832 | Orc:2    | Reached skill level 7 in Fighting
 13904 | Orc:2    | Found a staircase to the Elven Halls.
 13973 | Bazaar   | Entered a bazaar
 13976 | Bazaar   | Found Oliaptif's Weapon Shop.
 13979 | Bazaar   | Found Geaneat's Antique Armour Boutique.
 13984 | Bazaar   | Found Dodwesch's Antique Weapon Shop.
 13984 | Bazaar   | Found Ynyranac's Book Boutique.
 14253 | Orc:2    | Reached skill level 5 in Evocations
 14319 | Orc:2    | Reached XP level 16. HP: 82/82 MP: 17/17
 14320 | Orc:2    | Reached skill level 1 in Invocations
 14388 | Orc:2    | Found Boabeo's Magic Scroll Shop.
 14388 | Orc:2    | Found Guuz's Antique Weapon Shoppe.
 14390 | Orc:2    | Found Miho Ros's Book Shop.
 14390 | Orc:2    | Found Adahej's Magic Scroll Shoppe.
 14399 | Orc:2    | Bought a scroll of blinking for 120 gold pieces
 14659 | Orc:2    | Bought 3 scrolls of identify for 96 gold pieces
 14659 | Orc:2    | Bought a scroll of identify for 32 gold pieces
 15364 | D:11     | Reached skill level 6 in Evocations
 15475 | D:11     | Found Ceitot's Antique Armour Shoppe.
 15647 | D:11     | Reached skill level 2 in Invocations
 15726 | D:12     | Reached skill level 8 in Fighting
 15739 | D:12     | Noticed Azrael
 15762 | D:12     | Killed Azrael
 15763 | D:12     | Reached skill level 10 in Shields
 15996 | D:12     | Noticed Jorgrun
 16009 | D:12     | Killed Jorgrun
 16130 | D:12     | Reached skill level 7 in Evocations
 16441 | D:13     | Reached ****** piety under Hepliaklqana
 16508 | D:13     | Reached skill level 3 in Invocations
 16686 | D:13     | Reached skill level 9 in Fighting
 17231 | D:13     | Reached skill level 8 in Evocations
 17460 | D:14     | Reached skill level 4 in Invocations
 17526 | D:14     | Reached skill level 10 in Fighting
 17590 | D:14     | Found a gate to the Vaults.
 17718 | D:14     | Found a portal to a secret trove of treasure.
 17722 | D:14     | Reached skill level 9 in Evocations
 17872 | D:14     | Found a sacrificial altar of Ru.
 17900 | D:15     | Entered Level 15 of the Dungeon
 18110 | D:15     | Reached skill level 11 in Shields
 18246 | D:15     | Reached XP level 17. HP: 92/92 MP: 21/21
 18314 | D:14     | Reached skill level 5 in Invocations
 18679 | D:15     | Identified the +5 broad axe of Cuagun Tubi {drain, Str+2}
 18702 | D:15     | Reached skill level 11 in Fighting
 18740 | D:15     | Reached skill level 10 in Evocations
 18763 | D:15     | Found a staircase to the Depths.
 18944 | Snake:1  | Entered Level 1 of the Snake Pit
 19176 | Snake:1  | Got the Tome of Lamentation
 19229 | Snake:1  | Noticed Louise
 19256 | Snake:1  | Killed Louise
 19426 | Snake:1  | Found Orinlox's Jewellery Shoppe.
 19428 | Snake:1  | Found Oroulywk's Book Boutique.
 19429 | Snake:1  | Found Uzehel's Jewellery Shoppe.
 19944 | Snake:2  | Reached skill level 6 in Invocations
 20021 | Snake:2  | Reached skill level 12 in Fighting
 20044 | Snake:2  | Noticed Vashnia
 20171 | Snake:2  | Identified the +4 rapier of the Fifty Heavens {freeze, rC+
                  | rCorr Int+2}
 20215 | Snake:2  | Noticed Kirke
 20221 | Snake:2  | Killed Kirke
 20364 | Snake:2  | Reached skill level 12 in Shields
 20414 | Snake:2  | Killed Vashnia
 20637 | Snake:3  | Found a shadowy altar of Dithmenos.
 20649 | Snake:3  | Identified the +0 chain mail of the Meadowlark {Rampage
                  | rElec rPois Dex-5}
 20659 | Snake:3  | Found a transporter.
 20667 | Snake:3  | Found the necklace of Bloodlust {Fury *Rage Will++ Int-3
                  | Slay+6}
 20695 | Snake:3  | Reached skill level 13 in Fighting
 20695 | Snake:3  | Reached skill level 7 in Invocations
 20818 | Snake:3  | Found a transporter.
 21237 | Shoals:1 | Entered Level 1 of the Shoals
 21318 | Shoals:1 | Reached XP level 18. HP: 74/103 MP: 24/24
 21568 | Shoals:1 | Found a hide-covered altar of Uskayaw.
 21598 | Shoals:1 | Found Sustolo's Weapon Emporium.
 22181 | Shoals:1 | Reached skill level 14 in Fighting
 22420 | Shoals:2 | Reached skill level 8 in Invocations
 22809 | Shoals:2 | Reached skill level 13 in Shields
 23093 | Shoals:3 | Reached skill level 1 in Armour
 23211 | Shoals:3 | Reached skill level 2 in Armour
 23420 | Shoals:3 | Reached skill level 3 in Armour
 24041 | Snake:4  | Entered Level 4 of the Snake Pit
 24055 | Snake:4  | Noticed Asterion
 24074 | Snake:4  | Killed Asterion
 24075 | Snake:4  | Reached skill level 4 in Armour
 24088 | Snake:4  | Reached skill level 9 in Invocations
 24089 | Snake:4  | Noticed Agnes
 24099 | Snake:4  | Killed Agnes
 24307 | Snake:4  | Reached skill level 5 in Armour
 24344 | Snake:4  | Upgraded the game from 0.31-a0-187-gba352fbbf7 to
                  | 0.31-a0-188-g5e087ee2ca
 24361 | Snake:4  | Identified Roxanne's Codex of Cleavage
 24361 | Snake:4  | Noticed Roxanne
 24445 | Snake:4  | Noticed Aizul
 24446 | Snake:4  | Reached skill level 6 in Armour
 24496 | Snake:4  | Killed Aizul
 24614 | Snake:4  | Reached skill level 10 in Invocations
 24765 | Snake:4  | Reached skill level 7 in Armour
 24793 | Snake:4  | Reached XP level 19. HP: 109/109 MP: 27/27
 24988 | Snake:4  | Reached skill level 8 in Armour
 25157 | Snake:4  | Reached skill level 11 in Invocations
 25241 | Snake:4  | Got a serpentine rune of Zot
 25617 | Shoals:4 | Entered Level 4 of the Shoals
 25671 | Shoals:4 | Reached skill level 9 in Armour
 26055 | Shoals:4 | Reached skill level 10 in Armour
 26221 | Shoals:4 | Reached skill level 12 in Invocations
 26315 | Shoals:4 | Got a barnacled rune of Zot
 26632 | Shoals:4 | Reached skill level 11 in Armour
 26992 | Vaults:1 | Entered Level 1 of the Vaults
 27473 | Vaults:1 | Reached skill level 11 in Evocations
 27691 | D:7      | Bought a phantom mirror for 560 gold pieces
 27691 | D:7      | Bought a sack of spiders for 560 gold pieces
 27691 | D:7      | Bought a phial of floods for 560 gold pieces
 27925 | Vaults:1 | Reached XP level 20. HP: 115/115 MP: 30/30
 28171 | Vaults:1 | Found Botaxugair's Weapon Emporium.
 28295 | Vaults:1 | Reached skill level 12 in Evocations
 28451 | Vaults:1 | Reached skill level 15 in Fighting
 28451 | Vaults:1 | Reached skill level 19 in Dodging
 28693 | Vaults:2 | Noticed Nikola
 28702 | Vaults:2 | Killed Nikola
 29083 | Vaults:2 | Reached skill level 13 in Evocations
 29234 | Vaults:2 | Found Rices's Jewellery Boutique.
 29327 | Vaults:2 | Found a staircase to the Crypt.
 29337 | Vaults:2 | You are sucked into a shaft and drop 2 floors!
 30159 | Vaults:2 | Reached skill level 14 in Evocations
 30328 | Vaults:3 | Found Qariut's Jewellery Shoppe.
 30555 | Vaults:3 | Reached skill level 16 in Fighting
 30604 | Vaults:3 | Reached XP level 21. HP: 122/122 MP: 31/31
 30676 | Vaults:3 | Reached skill level 20 in Dodging
 30771 | Vaults:3 | Found Humietox's Antique Armour Shoppe.
 31129 | Vaults:3 | Noticed Frederick
 31140 | Vaults:3 | Killed Frederick
 31141 | Vaults:3 | Reached skill level 15 in Evocations
 31998 | Vaults:4 | Reached skill level 17 in Fighting
 32733 | Vaults:3 | Reached skill level 21 in Dodging
 33167 | Depths:1 | Entered Level 1 of the Depths
 33271 | Depths:1 | Reached skill level 16 in Evocations
 33352 | Depths:1 | Found a broken altar of Ashenzari.
 33398 | Depths:1 | Reached XP level 22. HP: 130/130 MP: 32/32
 33766 | Depths:1 | Found a gateway to Hell.
 34145 | Depths:1 | Found Jozi's Magic Scroll Emporium.
 34148 | Depths:1 | Bought a scroll of blinking for 97 gold pieces
 34821 | Depths:2 | Reached skill level 18 in Fighting
 34992 | Depths:2 | Found Jiz Kahaklux's Assorted Antiques.
 35000 | Depths:2 | Bought a scroll of enchant weapon for 315 gold pieces
 35194 | Depths:2 | Found a glowing golden altar of the Shining One.
 35309 | Depths:2 | Found a one-way gate leading to the halls of Pandemonium.
 35425 | Depths:2 | Reached skill level 17 in Evocations
 35515 | Depths:2 | Noticed a golden dragon
 35523 | Depths:2 | Killed a golden dragon
 35607 | Depths:3 | Acquired a +0 buckler of reflection
 35639 | Depths:3 | Reached skill level 22 in Dodging
 36209 | Depths:3 | Found a one-way gate to the infinite horrors of the Abyss.
 36290 | Depths:3 | Noticed Mennas
 36311 | Depths:3 | Killed Mennas
 36363 | Depths:3 | Noticed a golden dragon
 36367 | Depths:3 | Killed a golden dragon
 36476 | Depths:3 | Found a snail-covered altar of Cheibriados.
 36663 | Depths:3 | Reached XP level 23. HP: 137/137 MP: 33/33
 36734 | Depths:3 | Noticed a juggernaut
 36745 | Depths:3 | Killed a juggernaut
 36763 | Depths:3 | Reached skill level 19 in Fighting
 36871 | Depths:3 | Noticed a juggernaut
 36872 | Depths:3 | Noticed a golden dragon
 36886 | Depths:3 | Killed a juggernaut
 36886 | Depths:3 | Killed a golden dragon
 37108 | Depths:3 | Identified the +3 quarterstaff "Zastruz" {heavy, rCorr
                  | Str+4 Int+3 Dex-5}
 37313 | Depths:4 | Entered Level 4 of the Depths
 37467 | Depths:4 | Noticed a juggernaut
 37475 | Depths:4 | Killed a juggernaut
 37572 | Depths:4 | Reached skill level 18 in Evocations
 37640 | Depths:4 | Identified the +0 tower shield "Guag" {Slay+2}
 37660 | Depths:4 | Found a one-way gateway to a ziggurat.
 37906 | Depths:4 | Noticed the Enchantress
 38143 | Depths:3 | Killed the Enchantress
 38397 | Depths:4 | Reached skill level 23 in Dodging
 38624 | Depths:4 | Found a gate to the Realm of Zot.
 38769 | Depths:4 | Noticed a caustic shrike
 38777 | Depths:4 | Noticed a caustic shrike
 38778 | Depths:4 | Noticed a caustic shrike
 38778 | Depths:4 | Noticed a caustic shrike
 38779 | Depths:4 | Noticed a caustic shrike
 38807 | Depths:3 | Killed a caustic shrike
 38850 | Depths:3 | Killed a caustic shrike
 38874 | Depths:3 | Killed a caustic shrike
 38930 | Depths:3 | Killed a caustic shrike
 38995 | Depths:4 | Killed a caustic shrike
 39653 | Elf:1    | Entered Level 1 of the Elven Halls
 39686 | Elf:1    | Reached skill level 20 in Fighting
 39747 | Elf:1    | Reached XP level 24. HP: 146/146 MP: 33/33
 40189 | Elf:1    | Identified the +8 short sword of the End of Times {flame,
                  | rC- rN+ Will+}
 40206 | Elf:1    | Found a runed translucent gate.
 40206 | Elf:1    | Found a runed translucent gate.
 40206 | Elf:1    | Found a runed translucent gate.
 40206 | Elf:1    | Found a runed translucent gate.
 40206 | Elf:1    | Found a runed translucent gate.
 40208 | Elf:1    | Found a runed translucent gate.
 40365 | Elf:1    | Upgraded the game from 0.31-a0-188-g5e087ee2ca to
                  | 0.31-a0-196-g86fe4a5e66
 40715 | Elf:2    | Found a runed translucent door.
 40741 | Elf:2    | Found a runed translucent door.
 40854 | Elf:2    | Found a runed translucent gate.
 40855 | Elf:2    | Found a runed translucent gate.
 40855 | Elf:2    | Found an opulent altar of Gozag.
 40870 | Elf:2    | Found a runed translucent gate.
 40872 | Elf:2    | Noticed Yzemonill's ghost (adept HuVM)
 41444 | Elf:2    | Killed Yzemonill's ghost
 41681 | Elf:3    | Entered Level 3 of the Elven Halls
 41773 | Elf:3    | Identified the amulet "Peity" {Acrobat rCorr MP+9 Dex+3
                  | Stlth-}
 41913 | Elf:3    | Upgraded the game from 0.31-a0-196-g86fe4a5e66 to
                  | 0.31-a0-198-g2ad674f65e
 41953 | Elf:3    | Found Saxtatea's Weapon Emporium.
 41962 | Elf:3    | Found Mybroes's Antique Armour Emporium.
 41966 | Elf:3    | Identified the +5 robe of the Arcane {Int+3 Dex+3 SInv}
 42014 | Elf:3    | Reached skill level 24 in Dodging
 42584 | Elf:3    | Reached skill level 21 in Fighting
 42879 | Elf:3    | Identified the +11 scimitar of the Battered Xalams {drain,
                  | Will+}
 42889 | Elf:3    | Found the +0 pair of fencer's gloves {Riposte Dex+3}
 42891 | Elf:3    | Identified the ring of Vodka {rElec rPois Str-3 Int+2
                  | Dex+6}
 42906 | Elf:3    | Identified the ring of Pexzomun {Fire rElec rCorr Slay+2}
 42935 | Elf:3    | Identified the +0 pair of gloves of Noon {rC+}
 42965 | Elf:3    | Identified the +10 hand axe of Ru {drain, rElec Will-
                  | Dex+5}
 42994 | Elf:3    | Got the Octavo of the Gift
 43048 | Elf:3    | Upgraded the game from 0.31-a0-198-g2ad674f65e to
                  | 0.31-a0-202-g547052bce9
 43423 | Vaults:5 | Entered Level 5 of the Vaults
 43620 | Vaults:5 | Identified the +2 robe of the Accordion {rElec Str+2
                  | Archmagi}
 43620 | Vaults:5 | Identified the ring "Cudd" {Fire rPois Int+2}
 43632 | Vaults:5 | Reached skill level 25 in Dodging
 43723 | Vaults:5 | Reached XP level 25. HP: 150/154 MP: 33/33
 43911 | Vaults:5 | Noticed an ancient lich
 43919 | Vaults:5 | Killed an ancient lich
 43948 | Vaults:5 | Reached skill level 22 in Fighting
 43961 | Vaults:5 | Noticed a dread lich
 43965 | Vaults:5 | Killed a dread lich
 44103 | Vaults:5 | Found Vuehiopan's Antique Weapon Shoppe.
 44115 | Vaults:5 | Got Daxkar's Discursus on the Singularity and Cryomancy
 44308 | Vaults:5 | Identified the ring "Uvve Fou" {rElec rF+ rN++}
 44349 | Vaults:5 | Identified the orb of Qazlal's Whim {mayhem, Rampage}
 44371 | Vaults:5 | Identified the staff "Vofaschor" {rF+ Str+2 Dex+3 Fire}
 44385 | Vaults:5 | Got a silver rune of Zot
 44521 | Vaults:5 | Reached skill level 26 in Dodging
 45290 | Zot:1    | Entered Level 1 of the Realm of Zot
 46360 | Zot:1    | Noticed a curse skull
 46382 | Zot:1    | Killed a curse skull
 46432 | Zot:1    | Noticed a curse skull
 46440 | Zot:1    | Killed a curse skull
 46529 | Zot:1    | Reached skill level 23 in Fighting
 48395 | Zot:2    | Noticed an electric golem
 48402 | Zot:2    | Killed an electric golem
 48849 | Zot:3    | Reached XP level 26. HP: 164/164 MP: 33/33
 49005 | Zot:3    | Noticed a curse toe
 49010 | Zot:3    | Killed a curse toe
 49093 | Zot:3    | Identified the +12 falchion of Melee {flame, rPois rC+
                  | Str-2 Dex+3}
 49148 | Zot:3    | Reached skill level 27 in Dodging
 49327 | Zot:3    | Noticed an orb of fire
 49340 | Zot:3    | Killed an orb of fire
 49341 | Zot:3    | Reached skill level 19 in Evocations
 50039 | Zot:4    | Reached skill level 24 in Fighting
 50051 | Zot:4    | Noticed a Killer Klown
 50058 | Zot:4    | Killed a Killer Klown
 50088 | Zot:4    | Reached skill level 20 in Evocations
 50183 | Zot:4    | Found a corrupted altar of Lugonu.
 50360 | Zot:5    | Entered Level 5 of the Realm of Zot
 50866 | Zot:5    | Noticed a dread lich
 50874 | Zot:5    | Killed a dread lich
 50894 | Zot:5    | Noticed an orb of fire
 50902 | Zot:5    | Killed an orb of fire
 50913 | Zot:5    | Noticed an electric golem
 50915 | Zot:5    | Noticed an orb of fire
 50919 | Zot:5    | Killed an electric golem
 50927 | Zot:5    | Reached skill level 21 in Evocations
 50928 | Zot:5    | Killed an orb of fire
 51036 | Zot:5    | Learned a level 2 spell: Blink
 51127 | Zot:5    | Noticed an electric golem
 51137 | Zot:5    | Killed an electric golem
 51138 | Zot:5    | Reached skill level 1 in Translocations
 51159 | Zot:5    | Reached skill level 2 in Translocations
 51213 | Zot:5    | Noticed a Killer Klown
 51215 | Zot:5    | Noticed an orb of fire
 51263 | Zot:5    | Noticed a dread lich
 51272 | Zot:5    | Killed a dread lich
 51273 | Zot:5    | Reached skill level 3 in Translocations
 51331 | Zot:5    | Noticed a dread lich
 51343 | Zot:5    | Killed a Killer Klown
 51344 | Zot:5    | Reached skill level 4 in Translocations
 51348 | Zot:5    | Killed a dread lich
 51367 | Zot:5    | Noticed a curse toe
 51371 | Zot:5    | Killed a curse toe
 51372 | Zot:5    | Reached skill level 5 in Translocations
 51423 | Zot:5    | Reached skill level 6 in Translocations
 51424 | Zot:5    | Noticed an ancient lich
 51429 | Zot:5    | Killed an ancient lich
 51451 | Zot:5    | Reached XP level 27. HP: 172/172 MP: 33/33
 51469 | Zot:5    | Reached skill level 7 in Translocations
 51474 | Zot:5    | Got the Orb of Zot
 51489 | Zot:5    | Noticed Xahuelunn the pandemonium lord
 51662 | Depths:4 | Noticed Taidwidul the pandemonium lord
 51740 | Depths:1 | Noticed Heatoxti the pandemonium lord
 51989 | D:$      | Escaped with the Orb!

Vanquished Creatures
  3 dread liches
  An ancient lich (Vaults:5)
  An orb of fire (Zot:5)
  3 juggernauts
  Frederick (Vaults:3)
  Vashnia (Snake:2)
  5 caustic shrikes
  2 Killer Klowns
  2 curse toes
  5 golden dragons
  Nikola (Vaults:2)
  A bone dragon (Depths:4)
  2 electric golems
  Jorgrun (D:12)
  The ghost of Yzemonill the Covert, an adept HuVM of Kikubaaqudgha (Elf:2)
  7 tentacled monstrosities
  4 titans
  Asterion (Snake:4)
  10 Orb Guardians (Zot:5)
  9 quicksilver dragons
  2 liches
  A deep elf master archer (Elf:3)
  A deep elf blademaster (Elf:3)
  Kirke (Snake:2)
  6 sphinxes
  Agnes (Snake:4)
  5 death cobs
  4 tengu reavers
  2 draconian monks (Zot:3)
  4 nagarajas
  10 shadow dragons
  A draconian knight (Depths:4)
  4 storm dragons
  6 frost giants
  5 fire giants
  2 draconian scorchers
  Aizul (Snake:4)
  2 curse skulls (Zot:1)
  3 deep elf sorcerers
  16 vault wardens
  A balrug (Depths:2)
  A deep elf elementalist (Elf:3)
  A ghoul (Vaults:2)
  A reaper (Depths:3)
  An iron dragon (Depths:4)
  9 ironbound preservers
  5 spriggan defenders
  3 war gargoyles
  A draconian shifter (Zot:5)
  15 stone giants
  5 ironbound thunderhulks
  An orc warlord (Vaults:4)
  3 vampire knights
  15 very ugly things
  7 deep elf demonologists
  A minotaur (Shoals:1)
  4 green draconians
  2 dire elephants (Vaults:2)
  5 red draconians
  3 white draconians
  7 black draconians
  6 deep elf annihilators
  A purple draconian (Zot:1)
  3 yellow draconians
  3 merfolk impalers
  5 deep elf death magi (Elf:3)
  5 merfolk javelineers
  2 crystal guardians
  13 ettins
  4 entropy weavers
  4 fire dragons
  4 yaktaur captains
  4 deep elf high priests
  7 hydras
  5 great orbs of eyes
  23 vault guards
  3 salamander tyrants
  A hell beast (Depths:1)
  5 ice dragons
  A juggernaut simulacrum (Depths:1)
  3 peacekeepers
  An alligator snapping turtle (Shoals:3)
  2 merfolk avatars
  2 spriggan air magi
  A rakshasa (Depths:1)
  10 ironbound frosthearts
  2 ogre magi
  A death knight (Vaults:2)
  4 merfolk aquamancers (Shoals:4)
  4 anacondas
  5 centaur warriors
  A catoblepas (Lair:2)
  10 naga warriors
  Erica (Orc:1)
  4 two-headed ogres
  9 deep troll shamans
  2 satyrs
  A boulder beetle (Vaults:3)
  13 death yaks
  7 deep troll earth magi
  A vampire mage (Depths:3)
  9 dancing weapons
  7 tengu warriors
  11 naga sharpshooters
  2 large abominations (Depths:4)
  2 spriggan berserkers
  A titan skeleton (Depths:1)
  3 hell knights (Vaults:5)
  An orc high priest (Elf:1)
  10 deep elf knights
  3 soul eaters
  A fire crab (Lair:5)
  3 sun demons
  2 salamander mystics
  7 skysharks
  21 sea snakes
  41 deep trolls
  7 iron trolls
  4 glowing orange brains
  2 flayed ghosts
  3 naga ritualists
  4 deep elf archers
  A golden dragon skeleton (Depths:1)
  An obsidian statue (Elf:2)
  2 lindwurms
  10 harpies
  5 phantasmal warriors
  A sphinx zombie (Vaults:5)
  6 wizards
  3 necromancers
  22 deep elf zephyrmancers
  4 mana vipers
  19 deep elf pyromancers
  12 fauns
  A wolf spider zombie (D:15)
  10 orc knights
  4 oklob plants (Zot:1)
  12 moths of wrath
  6 orc sorcerers
  10 manticores
  12 ironbound convokers
  4 salamanders
  4 cyclopes
  40 ugly things
  A glowing shapeshifter (Depths:3)
  9 elephants
  13 water nymphs
  A fire giant skeleton (Depths:1)
  12 naga magi
  21 black mambas
  2 rust devils
  10 merfolk sirens
  An ice statue (IceCv)
  14 vault sentinels
  2 smoke demons
  3 centaur skeletons (D:14)
  An eye of devastation (shapeshifter) (Vaults:5)
  7 guardian serpents
  3 orange demons (Depths:2)
  2 molten gargoyles (Lair:5)
  A gargoyle (D:9)
  A kobold demonologist (D:10)
  8 unseen horrors
  9 komodo dragons
  7 cane toads
  3 efreet (D:15)
  6 tengu conjurers
  24 yaktaurs
  8 rime drakes
  2 red devils (Depths:2)
  3 polar bears (IceCv)
  8 meliai
  8 trolls
  A freezing wraith (D:15)
  A meliai (shapeshifter) (Vaults:5)
  9 wind drakes
  4 hornets
  A tarantella (Vaults:1)
  A blink frog (shapeshifter) (D:14)
  19 merfolk
  4 dream sheep (Lair:5)
  10 blink frogs
  2 snapping turtles (Shoals:4)
  A culicivora (Vaults:1)
  16 slime creatures
  4 spriggans
  A flying skull (Vaults:2)
  A centaur simulacrum (D:15)
  A vampire (D:12)
  2 wraiths
  A shadow (D:11)
  5 air elementals
  6 fire elementals
  4 hogs (Snake:2)
  18 water elementals
  6 basilisks
  Eustachio (D:5)
  51 yaks
  8 wyverns
  3 redbacks
  An elf skeleton (Vaults:5)
  5 chaos spawn
  2 steam dragons
  3 small abominations (Depths:4)
  26 nagas
  7 hell hounds
  An acid dragon (D:10)
  11 water moccasins
  A water moccasin (shapeshifter) (D:11)
  An ice beast (D:6)
  24 orc warriors
  A sky beast (D:4)
  6 ogres
  20 wolves
  5 boggarts
  8 centaurs
  2 phantoms (D:6)
  4 kobold brigands
  10 bullfrogs
  2 earth elementals (Elf:3)
  A necrophage (D:7)
  2 scorpions
  5 wights
  A killer bee (shapeshifter) (Vaults:5)
  3 killer bees (D:11)
  4 electric eels
  4 lava snakes (Lair:5)
  3 hounds
  7 jellies
  22 orc priests
  4 iguanas
  18 orc wizards
  2 sleepcaps
  4 hell rats (Lair:2)
  3 lightning spires (Zot:1)
  A wolf simulacrum (Lair:1)
  A hound skeleton (D:7)
  6 gnolls
  4 adders
  A white imp (D:5)
  2 dart slugs
  53 orcs
  9 ball pythons
  5 bats
  7 endoplasms
  4 giant cockroaches
  7 goblins
  6 hobgoblins
  7 jackals
  27 kobolds
  5 quokkas
  4 frilled lizards
  3 rats
  A lurking horror (Zot:4)
  A spectral weapon (Snake:4)
1493 creatures vanquished.

Vanquished Creatures (collateral kills)
  A dread lich (Zot:5)
  Mennas (Depths:3)
  An ancient lich (Zot:5)
  2 orbs of fire
  4 golden dragons
  the Enchantress (Depths:3)
  An electric golem (Zot:5)
  5 tentacled monstrosities
  A walking earthen tome (Depths:3)
  5 titans (Vaults:5)
  A deep elf blademaster (Elf:3)
  11 Orb Guardians (Zot:5)
  A walking divine tome (Depths:4)
  5 death cobs
  3 sphinxes
  A draconian monk (Zot:2)
  4 storm dragons
  7 tengu reavers
  4 nagarajas
  4 shadow dragons
  3 fire giants
  2 frost giants (Depths:3)
  Louise (Snake:1)
  2 vault wardens (Vaults:3)
  A deep elf elementalist (Elf:3)
  A draconian stormcaller (Zot:3)
  A war gargoyle (Vaults:5)
  8 very ugly things
  7 ironbound preservers
  An ironbound thunderhulk (Vaults:4)
  5 deep elf demonologists (Elf:3)
  A vampire knight (Depths:2)
  3 stone giants
  2 green draconians
  Azrael (D:12)
  A spark wasp (Depths:3)
  A purple draconian (Zot:3)
  4 yellow draconians
  3 deep elf annihilators (Elf:3)
  A spark wasp (shapeshifter) (Vaults:5)
  2 white draconians
  A dire elephant (Vaults:2)
  2 red draconians
  A blizzard demon (Depths:1)
  A crystal guardian (Vaults:1)
  2 fire dragons (Depths:2)
  5 yaktaur captains
  2 entropy weavers
  2 merfolk javelineers (Shoals:4)
  6 merfolk impalers
  2 deep elf high priests
  2 hydras
  A death knight (D:15)
  2 ice dragons
  An ogre mage (Vaults:5)
  A hell beast (Depths:1)
  11 vault guards
  3 spriggan air magi
  2 salamander tyrants (Snake:4)
  4 anacondas
  A boulder beetle (D:13)
  3 merfolk aquamancers (Shoals:4)
  3 dancing weapons
  4 ironbound frosthearts
  3 deep troll earth magi
  A two-headed ogre (Vaults:4)
  A satyr (Shoals:4)
  A tengu warrior (Depths:1)
  2 hell knights (Vaults:5)
  2 naga warriors
  4 death yaks
  3 orc high priests (Orc:2)
  4 deep troll shamans
  A shock serpent (Snake:1)
  4 naga sharpshooters
  2 spriggan berserkers
  4 deep elf knights (Elf:1)
  3 iron trolls
  2 soul eaters
  A sixfirhy (Depths:3)
  A skyshark (Shoals:1)
  A glowing orange brain (Vaults:4)
  A skeletal warrior (D:14)
  23 deep trolls
  4 sea snakes
  3 deep elf archers
  A lindwurm (shapeshifter) (Depths:3)
  3 harpies (Shoals:4)
  A phantasmal warrior (Vaults:5)
  4 orc knights
  6 ironbound convokers
  2 necromancers
  A deep elf zephyrmancer (Elf:1)
  6 wizards
  11 deep elf pyromancers
  A harpy (shapeshifter) (D:14)
  A lindwurm (Vaults:1)
  2 moths of wrath
  2 salamanders (Snake:4)
  20 ugly things
  A wolf spider (shapeshifter) (Depths:2)
  An orc sorcerer (Orc:2)
  3 manticores
  3 elephants
  A guardian serpent (Snake:4)
  Maurice (D:10)
  5 black mambas
  A human skeleton (Vaults:5)
  3 vault sentinels
  4 cane toads
  3 centaur skeletons
  A naga mage (Snake:3)
  An unseen horror (shapeshifter) (Vaults:5)
  5 komodo dragons
  A rime drake (IceCv)
  A freezing wraith (D:14)
  9 yaktaurs
  A hellwing (Zot:1)
  A tengu conjurer (Depths:3)
  A merfolk (Shoals:3)
  2 meliai
  A large abomination (Depths:4)
  4 wind drakes (Shoals:4)
  A polar bear (IceCv)
  A tarantella (Vaults:4)
  6 slime creatures
  4 blink frogs
  A snapping turtle (shapeshifter) (Vaults:5)
  A snapping turtle (Shoals:1)
  A shadow (D:7)
  An air elemental (Shoals:4)
  A spriggan (Depths:4)
  2 wraiths
  A fire elemental (D:11)
  11 yaks
  A basilisk (Lair:1)
  4 water elementals
  A steam dragon (Lair:5)
  A redback (Vaults:4)
  4 nagas
  2 water moccasins
  8 orc warriors
  An ice beast (D:8)
  An ogre (D:14)
  3 boggarts (Vaults:1)
  4 wolves
  A small abomination (Depths:4)
  A kobold brigand (D:8)
  A bullfrog (Lair:2)
  2 earth elementals
  A wight (D:8)
  A killer bee (D:11)
  A lava snake (Lair:5)
  5 orc priests
  A hell rat (Lair:2)
  9 orc wizards
  A boggart skeleton (D:15)
  A wolf simulacrum (Lair:1)
  15 orcs
  4 kobolds
467 creatures vanquished.

Vanquished Creatures (others)
  A deep elf master archer (Elf:3)
  An ironbound thunderhulk (Vaults:3)
  A stone giant (Depths:2)
  5 yaktaur captains
  A naga sharpshooter (Snake:4)
  A naga mage (Snake:4)
  3 yaktaurs
  2 humans (Snake:2)
  An orc warrior (Vaults:4)
  41 knights
  4 orcs (D:6)
61 creatures vanquished.

Grand Total: 2021 creatures vanquished

Table legend: (Time is in decaauts)
 A = Elapsed time spent in this place.
 B = Non-inter-level travel time spent in this place.
 C = Inter-level travel time spent in this place.
 D = Time resting spent in this place.
 E = Time spent auto-exploring this place.
 F = Levels seen in this place.
 G = Mean time per level.
                   A        B        C        D        E       F      G
               +--------+--------+--------+--------+--------+-----+--------+
         Total |  51378 |  44781 |   6597 |   3996 |  27851 |  50 | 1027.6 |
       Dungeon |  13423 |  10875 |   2548 |    297 |   8320 |  15 |  894.9 |
        Temple |    175 |    157 |     18 |      0 |    148 |   1 |  175.0 |
          Lair |   5180 |   4607 |    573 |    218 |   3186 |   5 | 1036.0 |
        Shoals |   3841 |   3537 |    304 |    122 |   2328 |   4 |  960.2 |
     Snake Pit |   3752 |   3397 |    355 |    306 |   2077 |   4 |  938.0 |
  Orcish Mines |   1492 |   1107 |    385 |     53 |    587 |   2 |  746.0 |
   Elven Halls |   3411 |   3028 |    383 |    137 |   2088 |   3 | 1137.0 |
        Vaults |   7465 |   6682 |    783 |    514 |   3916 |   5 | 1493.0 |
        Depths |   6739 |   5885 |    854 |   1147 |   2772 |   4 | 1684.8 |
           Zot |   4893 |   4502 |    391 |   1057 |   2042 |   5 |  978.6 |
        Bazaar |    201 |    201 |      0 |      0 |    167 |   1 |  201.0 |
      Ice Cave |    801 |    801 |      0 |    145 |    216 |   1 |  801.0 |
               +--------+--------+--------+--------+--------+-----+--------+

Top non-repeatable levels by time:
Depths:3: 2278 daAuts
Depths:1: 1816 daAuts
Vaults:3: 1687 daAuts
Depths:4: 1685 daAuts
   Zot:1: 1600 daAuts
Vaults:5: 1543 daAuts
Vaults:2: 1535 daAuts
    D:12: 1495 daAuts
  Lair:3: 1461 daAuts
Vaults:1: 1461 daAuts
  Lair:5: 1423 daAuts
   Elf:2: 1330 daAuts
 Snake:4: 1321 daAuts
   Elf:3: 1318 daAuts
     D:8: 1282 daAuts

Table legend:
 A = Non-vault XP
 B = Vault XP
 C = Vault XP percentage of total XP
 D = Non-vault monster count
 E = Vault monster count
 F = Vault count percentage of total count
                 A         B        C        D         E       F
            +---------+---------+-------+---------+---------+-------
      Total |  639145 |  584331 |  47.8 |    1204 |     763 |  38.8
            +---------+---------+-------+---------+---------+-------
        D:1 |      38 |       5 |  11.6 |      21 |       3 |  12.5
        D:2 |      65 |       0 |   0.0 |      15 |       0 |   0.0
        D:3 |      87 |       0 |   0.0 |      26 |       0 |   0.0
        D:4 |     282 |     129 |  31.4 |      17 |       1 |   5.6
        D:5 |    1008 |     196 |  16.3 |      23 |       1 |   4.2
        D:6 |    1447 |       0 |   0.0 |      20 |       0 |   0.0
        D:7 |     752 |     102 |  11.9 |       9 |       2 |  18.2
        D:8 |     737 |     129 |  14.9 |      24 |       1 |   4.0
        D:9 |    2619 |       0 |   0.0 |      31 |       0 |   0.0
       D:10 |    3287 |    1345 |  29.0 |      22 |       5 |  18.5
       D:11 |    2958 |     347 |  10.5 |      23 |       2 |   8.0
       D:12 |    6629 |    3436 |  34.1 |      20 |       5 |  20.0
       D:13 |    6786 |    3926 |  36.7 |      13 |       5 |  27.8
       D:14 |   10082 |    7394 |  42.3 |      20 |      19 |  48.7
       D:15 |   12499 |    4555 |  26.7 |      25 |      10 |  28.6
     Lair:1 |    5415 |      58 |   1.1 |      20 |       2 |   9.1
     Lair:2 |    6364 |       0 |   0.0 |      27 |       0 |   0.0
     Lair:3 |    8592 |    2593 |  23.2 |      26 |       7 |  21.2
     Lair:4 |    7673 |      85 |   1.1 |      31 |       2 |   6.1
     Lair:5 |   18978 |    7638 |  28.7 |      51 |      28 |  35.4
   Shoals:1 |   15014 |    7017 |  31.9 |      26 |      13 |  33.3
   Shoals:2 |   11309 |       0 |   0.0 |      21 |       0 |   0.0
   Shoals:3 |   13300 |       0 |   0.0 |      25 |       0 |   0.0
   Shoals:4 |   16144 |   26967 |  62.6 |      32 |      55 |  63.2
    Snake:1 |   11658 |    1251 |   9.7 |      21 |       1 |   4.5
    Snake:2 |   12635 |    7465 |  37.1 |      23 |       9 |  28.1
    Snake:3 |   12459 |       0 |   0.0 |      24 |       0 |   0.0
    Snake:4 |   24895 |   28331 |  53.2 |      45 |      32 |  41.6
      Orc:1 |    1907 |     951 |  33.3 |      23 |       4 |  14.8
      Orc:2 |    2305 |    7459 |  76.4 |      22 |      30 |  57.7
      Elf:1 |   14799 |   14336 |  49.2 |      23 |      34 |  59.6
      Elf:2 |   10959 |    9788 |  47.2 |      20 |      12 |  37.5
      Elf:3 |   11242 |   33054 |  74.6 |      22 |      31 |  58.5
   Vaults:1 |   19593 |   25678 |  56.7 |      35 |      46 |  56.8
   Vaults:2 |    8281 |   33662 |  80.3 |      10 |      44 |  81.5
   Vaults:3 |   20244 |   38656 |  65.6 |      25 |      42 |  62.7
   Vaults:4 |   27017 |   25363 |  48.4 |      42 |      52 |  55.3
   Vaults:5 |   32166 |  110158 |  77.4 |      40 |      95 |  70.4
   Depths:1 |   48946 |    5658 |  10.4 |      64 |       7 |   9.9
   Depths:2 |   14097 |   21453 |  60.3 |      16 |      26 |  61.9
   Depths:3 |   36667 |   48370 |  56.9 |      31 |      35 |  53.0
   Depths:4 |   48922 |   15767 |  24.4 |      52 |      27 |  34.2
      Zot:1 |   12532 |    4716 |  27.3 |      10 |       9 |  47.4
      Zot:2 |   27666 |       0 |   0.0 |      21 |       0 |   0.0
      Zot:3 |   42943 |       0 |   0.0 |      32 |       0 |   0.0
      Zot:4 |   22780 |       0 |   0.0 |      18 |       0 |   0.0
      Zot:5 |   22367 |   72946 |  76.5 |      17 |      31 |  64.6
      IceCv |       0 |   13347 | 100.0 |       0 |      35 | 100.0
            +---------+---------+-------+---------+---------+-------
